 Dungeon Sprint DCSS version bcrawl-1.21 (webtiles) character file.

Game seed: 15689277695632745422

1302 Freyura the Basher (level 8, -2/68 HPs)
             Began as a Demonspawn Fighter on Feb 15, 2020.
             Was an Initiate of Ru.
             Slain by a bone dragon (10 damage)
             ... in the Dungeon (Sprint V: "Ziggurat Sprint").
             The game lasted 00:06:37 (350 turns).

Freyura the Basher (Demonspawn Fighter)              Turns: 350, Time: 00:06:38

Health: -2/68      AC: 28    Str: 24    XL:     8   Next: 31%
Magic:  8/8        EV:  5    Int:  9    God:    Ru [......]
Gold:   0          SH: 37    Dex: 20    Spells: 7/7 levels left

rFire    . . .     SeeInvis .   M - +6 shillelagh "Devastator" {shatter}
rCold    . . .     Gourm    .   J - +18 shield of the Gong {rElec rN+ MR+ EV-5}
rNeg     + . .     Faith    .   I - +15 Maxwell's patent armour {-Cast -Tele rElec MR+ rCorr}
rPois    .         Spirit   .   (helmet restricted)
rElec    +         Reflect  +   (no cloak)
rCorr    +         Harm     .   (no gloves)
MR       ++...     NoTele   +   (no boots) Stlth ..........NoCast +
                                o - +3 amulet of reflection
HPRegen  0.00/turn              C - +6 ring of strength
MPRegen  0.11/turn              y - +6 ring of dexterity

@: non-regenerating, mildly diseased
A: antennae 2, large bone plates 1
a: Renounce Religion


You were in the Dungeon.
You worshipped Ru.
Ru was noncommittal.
You were not hungry.

You visited 1 branch

Inventory:

Hand Weapons
 a - the +5 demon whip "Spellbinder" {antimagic, MR+}
   (You found it in the Dungeon)

   It reduces the magical energy of the wielder, and disrupts the spells and
   magical abilities of those hit.
   Natural abilities and divine invocations are not affected.
   It affects your resistance to hostile enchantments.
 M - the +6 shillelagh "Devastator" (weapon) {shatter}
   (You found it in the Dungeon)
Armour
 F - the cursed +0 ring mail "Fenuv" {Str+3 Int+7 Slay-6 SInv}
   (You found it in the Dungeon)

   It affects your strength (+3).
   It affects your intelligence (+7).
   It affects your accuracy and damage with ranged weapons and melee attacks
   (-6).
   It lets you see invisible.
   It has a curse placed upon it.
 I - the +15 Maxwell's patent armour (worn) {-Cast -Tele rElec MR+ rCorr}
   (You found it in the Dungeon)

   It insulates you from electricity.
   It affects your resistance to hostile enchantments.
   It prevents spellcasting.
   It prevents most forms of teleportation.
   It provides partial protection from all sources of acid and corrosion.
 J - the +18 shield of the Gong (worn) {rElec rN+ MR+ EV-5}
   (You found it in the Dungeon)

   It affects your evasion (-5).
   It insulates you from electricity.
   It protects you from negative energy.
   It affects your resistance to hostile enchantments.
Jewellery
 b - an uncursed amulet of the acrobat
 c - an uncursed amulet of guardian spirit
 o - a +3 amulet of reflection (around neck)
 y - a +6 ring of dexterity (right hand)
 z - a +6 ring of dexterity
 A - a +6 ring of intelligence
 B - a +6 ring of intelligence
 C - a +6 ring of strength (left hand)
 D - a +6 ring of strength
Wands
 v - a wand of disintegration (7)
 w - a wand of iceblast (7)
 x - a wand of acid (7)
Scrolls
 k - 4 scrolls of blinking
 q - 4 scrolls of amnesia
 r - 7 scrolls of fog
 s - 5 scrolls of identify
 t - 5 scrolls of remove curse
 u - 2 scrolls of fear
Potions
 d - 6 potions of might
 f - 10 potions of curing
 g - 10 potions of heal wounds
 h - 6 potions of haste
 i - 7 potions of magic
 j - 3 potions of berserk rage
 l - 2 potions of brilliance
 m - 2 potions of invisibility
 n - 4 potions of resistance
 p - 5 potions of agility
Miscellaneous
 E - a lightning rod (4/4)
Comestibles
 e - 7 rations {!d}


   Skills:
 + Level 8.2 Fighting
 * Level 10.2 Maces & Flails
 + Level 7.5 Armour
 + Level 6.9 Dodging
 + Level 7.4 Shields


You had 7 spell levels left.
You didn't know any spells.
Your spell library contained the following spells:

 Spells                   Type           Power        Failure   Level  Hunger
 Blink                    Tloc           N/A          100%        2    ###....
 Poisonous Vapours        Pois/Air       #.....       100%        2    ###....
 Shackle                  Hex            #.......     100%        2    ###....
 Song of Slaying          Chrm           #.......     100%        2    ###....
 Sticks to Snakes         Tmut           #.......     100%        2    ###....


Dungeon Overview and Level Annotations

Branches:
Dungeon (1/1)

Altars:
Ashenzari
Cheibriados
Dithmenos
Elyvilon
Fedhas
Gozag
Hepliaklqana
Kikubaaqudgha
Lugonu
Makhleb
Nemelex Xobeh
Okawaru
Qazlal
Ru
Sif Muna
Trog
Uskayaw
Vehumet
Wu Jian
Xom
Yredelemnul
Zin
The Shining One
Beogh
Jiyva

Annotations:
D 1 transporter


Innate Abilities, Weirdness & Mutations

You have a pair of antennae on your head.
You are partially covered in large bone plates. (SH +4)


Message History

The freezing wraith hits you. The freezing wraith freezes you!
* * * LOW HITPOINT WARNING * * *
The freezing wraith hits you.
* * * LOW HITPOINT WARNING * * *
The bone dragon bites you!
* * * LOW HITPOINT WARNING * * *
You block the bone dragon's attack.
GONNNNG!
The bone dragon barely misses you. The quasit barely misses you. x2
The quasit claws you but does no damage.
You hit the bone dragon but do no damage.
The bone dragon is lightly damaged.
You block the shadow imp's attack.
BOUMMMMG!
You block the freezing wraith's attack.
GONNNNG!
You block the freezing wraith's attack.
GONNNNG!
The bone dragon bites you!
You die... ▓...©....▓...©....▓ ▓▓▓▓▓▓▓▓▓▓▓▓▓▓▓▓▓▓▓ ▓..8©8..▓ {{{{

▓...)}..▓
▓..))=..▓
▓.......▓
▓...55..▓
▓..WD5..▓
▓..5@...▓
▓.▓...▓.▓
▓...©...▓
▓▓▓▓▓▓▓▓▓
{{{ {{{


You could see a bone dragon, a freezing wraith, an iron imp, a quasit, a white
imp and a shadow imp.

Vanquished Creatures
  An apocalypse crab (D)
  An ancient zyme (D)
  2 water moccasins (D)
  2 hell hounds (D)
  A phantom (D)
  A necrophage (D)
  A wight (D)
  A quasit (D)
  An iron imp (D)
  2 shadow imps (D)
  A white imp (D)
  A bat zombie (D)
  2 ball pythons (D)
  A quokka zombie (D)
18 creatures vanquished.

Notes
Turn   | Place    | Note
-------+----------+-------------------------------------------
     0 | D        | Freyura the Demonspawn Fighter began the quest for the Orb.
     0 | D        | Reached XP level 1. HP: 18/18 MP: 1/1
     0 | D        | Found a shimmering blue altar of Sif Muna.
     0 | D        | Found a bloodstained altar of Trog.
     0 | D        | Found a sacrificial altar of Ru.
     0 | D        | Found a stormy altar of Qazlal.
     0 | D        | Found an iron altar of Okawaru.
     1 | D        | Found a sparkling altar of Nemelex Xobeh.
     1 | D        | Found a blossoming altar of Fedhas.
     2 | D        | Found the +6 Majin-Bo {vamp, *Drain Str+12 Int+24}
     2 | D        | Found the +7 great mace "Firestarter" {inner flame, rF++}
     3 | D        | Found a transporter.
     3 | D        | Found an ancient bone altar of Kikubaaqudgha.
     3 | D        | Found a viscous altar of Jiyva.
     3 | D        | Found a corrupted altar of Lugonu.
     3 | D        | Found a hazy altar of Hepliaklqana.
     3 | D        | Found a burning altar of Makhleb.
     3 | D        | Found an opulent altar of Gozag.
    26 | D        | Found the +9 heavy crossbow "Sniper" {velocity, Acc+∞ SInv}
    26 | D        | Found the +10 dark maul {crush}
    26 | D        | Found the +15 Maxwell's patent armour {-Cast -Tele rElec
                  | MR+ rCorr}
    26 | D        | Found the +18 shield of the Gong {rElec rN+ MR+ EV-5}
    26 | D        | Found the cursed +14 obsidian axe {chop, +Fly SInv *Curse}
    28 | D        | Found the +6 shillelagh "Devastator" {shatter}
    28 | D        | Found the +11 plutonium sword {*Contam Stlth-}
    28 | D        | Found the +8 lance "Wyrmbane" {slay drac, rPois rF+ rC+
                  | AC+3}
    28 | D        | Found the +9 sword of Zonguldrok {reap}
    28 | D        | Found the cursed +13 scythe of Curses {drain, *Curse}
    28 | D        | Found the +0 sword of Power
    28 | D        | Found the +7 mace of Variability {chain chaos}
    28 | D        | Found the +7 Singing Sword {slice}
    28 | D        | Found the +7 longbow "Piercer" {penet, EV-2}
    83 | D        | Became a worshipper of Ru the Awakened
    84 | D        | Reached skill level 4 in Maces & Flails
    84 | D        | Gained mutation: You are partially covered in large bone
                  | plates. (SH +4) [demonic ancestry]
    84 | D        | Reached XP level 2. HP: 25/25 MP: 2/2
    99 | D        | Entered arena 2.
    99 | D        | Noticed a hell hound
    99 | D        | Noticed a hell hound
    99 | D        | Found a transporter.
   104 | D        | Killed a hell hound
   104 | D        | Reached skill level 5 in Fighting
   104 | D        | Reached skill level 5 in Maces & Flails
   104 | D        | Reached XP level 3. HP: 19/33 MP: 3/3
   104 | D        | Reached XP level 4. HP: 22/39 MP: 4/4
   107 | D        | Killed a hell hound
   107 | D        | Reached skill level 6 in Maces & Flails
   107 | D        | Reached skill level 5 in Armour
   107 | D        | Reached skill level 5 in Shields
   107 | D        | Reached XP level 5. HP: 27/46 MP: 5/5
   223 | D        | Entered arena 3.
   223 | D        | Found a transporter.
   224 | D        | Identified the +8 rapier "Omuet" {drain, +Inv}
   232 | D        | Reached skill level 7 in Maces & Flails
   239 | D        | Entered arena 4.
   239 | D        | Noticed a water moccasin
   239 | D        | Noticed a water moccasin
   239 | D        | Found a transporter.
   240 | D        | Found the +5 demon whip "Spellbinder" {antimagic, MR+}
   251 | D        | Killed a water moccasin
   251 | D        | Reached skill level 5 in Dodging
   251 | D        | Gained mutation: You have a pair of small antennae on your
                  | head. [demonic ancestry]
   251 | D        | Reached XP level 6. HP: 53/53 MP: 6/6
   255 | D        | Killed a water moccasin
   255 | D        | Reached skill level 8 in Maces & Flails
   262 | D        | Got Zekhal's Spellcraft Continued
   264 | D        | Entered arena 5.
   264 | D        | Noticed an ancient zyme
   264 | D        | Noticed an apocalypse crab
   264 | D        | Found a transporter.
   273 | D        | Killed an ancient zyme
   273 | D        | Reached skill level 9 in Maces & Flails
   273 | D        | Gained mutation: You have a pair of antennae on your head.
                  | [demonic ancestry]
   273 | D        | Reached XP level 7. HP: 58/60 MP: 7/7
   274 | D        | Killed an apocalypse crab
   274 | D        | Reached XP level 8. HP: 66/68 MP: 8/8
   300 | D        | Entered arena 6.
   300 | D        | Found a transporter.
   310 | D        | Reached skill level 10 in Maces & Flails
   332 | D        | Got the cursed +0 ring mail "Fenuv" {Str+3 Int+7 Slay-6
                  | SInv}
   341 | D        | Entered arena 7.
   341 | D        | Noticed a freezing wraith
   341 | D        | Noticed a bone dragon
   342 | D        | Found a transporter.
   350 | D        | Slain by a bone dragon

Skill      XL: |  1  2  3  4  5  6  7  8 |
---------------+-------------------------+-----
Fighting       | 4 5 6 7 8 |  8.2
Maces & Flails | 4 5 6 7 9 10 | 10.2
Armour         | 3 4 5 6 7 |  7.5
Dodging        | 2 3 4 5 6 |  6.9
Shields        | 3 4 5 6 7 |  7.4

Action                   |  1- 3 |  4- 6 |  7- 9 || total
-------------------------+-------+-------+-------++-------
Melee: Shillelagh        |     5 |    34 |    26 ||    65
Invok: Reject Sacrifices |       |     1 |       ||     1
  Use: Potion            |     1 |       |       ||     1
Armor: Plate armour      |     2 |    11 |    13 ||    26
Dodge: Dodged            |       |     3 |     5 ||     8
Block: Shield            |    10 |    52 |    44 ||   106
